 Dungeon Crawl Stone Soup version 0.24-a0-280-g7cec4da (webtiles) character file.

Game seed: 11175348430988573146

1 wirefist the Sneak (level 1, 0/9 HPs)
             Began as a Vine Stalker Enchanter on May 5, 2019.
             Slain by a jackal (1 damage)
             ... on level 1 of the Dungeon.
             The game lasted 00:00:28 (259 turns).

wirefist the Sneak (Vine Stalker Enchanter)          Turns: 259, Time: 00:00:29

Health: 0/9        AC:  2    Str: 10    XL:     1   Next: 20%
Magic:  0/4        EV: 12    Int: 15    God:
Gold:   0          SH:  0    Dex: 14    Spells: 3/4 levels left

rFire    . . .     SeeInvis .   a - +1 dagger
rCold    . . .     Gourm    .   (no shield)
rNeg     . . .     Faith    .   b - +0 robe
rPois    .         Spirit   +   (no helmet)
rElec    .         Reflect  .   (no cloak)
rCorr    .         Harm     .   (no gloves)
MR       .....                  (no boots)
Stlth    ++........             (no amulet)
HPRegen  0.03/turn              (no ring)
MPRegen  0.09/turn              (no ring)

@: no status effects
A: fangs 2, magic shield, antimagic bite, no potion heal 3, rot immunity
a: no special abilities


You were on level 1 of the Dungeon.
You were not hungry.

You visited 1 branch of the dungeon, and saw 1 of its levels.

Inventory:

Hand Weapons
 a - a +1 dagger (weapon)
Armour
 b - a +0 robe (worn)
Scrolls
 c - a scroll of enchant armour {unknown}
Potions
 e - a potion of brilliance {unknown}
Comestibles
 d - a ration
 f - a chunk of flesh


   Skills:
 + Level 0.0 Fighting
 + Level 0.9 Short Blades
 + Level 1.5 Dodging
 + Level 3.6 Stealth
 + Level 2.2 Spellcasting
 - Level 3.0 Hexes


You had 3 spell levels left.
You knew the following spells:

 Your Spells              Type           Power        Failure   Level  Hunger
a - Corona                Hex            ##.....      6%          1    #......

Your spell library contained the following spells:

 Spells                   Type           Power        Failure   Level  Hunger
 Ensorcelled Hibernation  Hex/Ice        #.....       19%         2    ###....
 Confuse                  Hex            ##......     19%         3    ###....
 Tukima's Dance           Hex            ##......     19%         3    ###....
 Dazzling Spray           Conj/Hex       #.....       34%         3    ###....


Dungeon Overview and Level Annotations

Branches:
Dungeon (1/15)

Altars:


Innate Abilities, Weirdness & Mutations

You have extremely sharp teeth.
When hurt, damage is shared between your health and your magic reserves.
Your bite disrupts and absorbs the magic of your enemies.
Potions cannot restore your health.
You are immune to rotting.


Message History

The jackal barely misses you.
Found 13 gold pieces.
The jackal closely misses you.
The jackal closely misses you. x2; The jackal barely misses you.
The jackal completely misses you.
You completely miss the jackal. The jackal closely misses you.
You completely miss the jackal. The jackal barely misses you.
You barely miss the jackal. The jackal bites you.
You barely miss the jackal. Your bite misses the jackal.
The jackal closely misses you.
You hit the jackal but do no damage. The jackal bites you.
The jackal misses you.
You hit the jackal but do no damage. You bite the jackal. You drain its power.
The jackal is moderately wounded.
The jackal closely misses you. x2; The jackal bites you. x2
The jackal barely misses you. The jackal bites you.
* * * LOW HITPOINT WARNING * * *
You closely miss the jackal. The jackal bites you.
You die...

#...# ..######'#
#......##.##.<#..# #
#......##.##..'.## #.
#......##.###'### #.#
#......##.# #.#
####..##......##.###.#
#.............##.##..#
.............# #@##.###
............# #h##...#
.#####..###.####h##.#.#
##.# #.......#.#... #..
#รท...#..#.####### ##$
#(...####.......#
.##.......'.......#
.##.#######.......#
..#.# #########


You could see 2 jackals.

Vanquished Creatures
  A bat (D:1)
1 creature vanquished.

Notes
Turn   | Place    | Note
-------+----------+-------------------------------------------
     0 | D:1      | wirefist the Vine Stalker Enchanter began the quest for the
                  | Orb.
     0 | D:1      | Reached XP level 1. HP: 9/9 MP: 4/4
   259 | D:1      | Slain by a jackal

Levels and vault maps discovered:
D:1:      sevenhm_arrival_forest_fort_small_3, layout_basic,
          hangedman_decor_slide_cut

Action                   || total
-------------------------++-------
Melee: Dagger            ||    19
       Bite              ||     4
Armor: Robe              ||     5
Dodge: Dodged            ||    23

Table legend:
 A = Non-vault XP
 B = Vault XP
 C = Vault XP percentage of total XP
 D = Non-vault monster count
 E = Vault monster count
 F = Vault count percentage of total count
                 A         B        C        D         E       F
            +---------+---------+-------+---------+---------+-------
      Total |       2 |       0 |   0.0 |       1 |       0 |   0.0
            +---------+---------+-------+---------+---------+-------
        D:1 |       2 |       0 |   0.0 |       1 |       0 |   0.0
            +---------+---------+-------+---------+---------+-------
